 Dungeon Crawl Stone Soup version 0.31-a0-845-g9abc20d24f (webtiles) character file.

Game seed: 15705329216001487723

27 avis the Changeling (level 2, 13/13 HPs)
             Began as a Felid Shapeshifter on Oct 3, 2023.
             Got out of the dungeon alive.
             The game lasted 00:05:20 (707 turns).

avis the Changeling (Felid Shapeshifter)             Turns: 707, Time: 00:05:20

Health: 13/13      AC:  1    Str: 10    XL:     2   Next: 93%
Magic:  3/3        EV: 17    Int: 11    God:
Gold:   17         SH:  0    Dex: 15    Spells: 1/1 levels left
                                        Lives:  0   Deaths: 1

rFire   . .          .
                       - Unarmed
rCold   . . .        (shield unavailable)
rNeg    . . .        (body armour unavailable)
rPois   .            (helmet unavailable)
rElec   .            (cloak unavailable)
rCorr   .            (gloves unavailable)
SInv    +            (boots unavailable)
Will    .....        (no amulet)
Stlth   +            (no ring)
HPRegen 0.22/turn    (no ring)
MPRegen 0.08/turn

%: no passive effects
@: beast-form, quick
A: beast (slay +2), very small, claws 1, fangs 3, see invisible, speed 1, shaggy
fur 1, stealthy paws, no weapons or thrown items, no armour, multi-lived
a: Begin Untransformation


You escaped.
You were a hulking beast.
You visited 1 branch of the dungeon, and saw 2 of its levels.

You collected 17 gold pieces.

Inventory:

Talismans
 b - a beast talisman (active)
 c - a flux talisman
Scrolls
 e - a scroll of identify {unknown}
Potions
 a - a potion of lignification
 d - a potion of invisibility {unknown}


   Skills:
 * Level 2.5 Fighting
 - Level 3.0 Dodging
 - Level 3.0 Unarmed Combat
 - Level 3.5 Shapeshifting


You had one spell level left.
You didn't know any spells.
Your spell library contained the following spells:

 Spells                   Type           Power      Damage    Failure   Level
 Necrotise                Necr           0%         1d4       34%         1
 Vampiric Draining        Necr           0%         2d6       71%         3
 Agony                    Necr           0%         N/A       100%        5


Dungeon Overview and Level Annotations

Branches:
Dungeon (2/15)

Altars:


Innate Abilities, Weirdness & Mutations

You are a hulking beast.
Your limbs bulge with bestial killing power. (Slay +2)
You have sharp claws.
You have razor-sharp teeth.
You have supernaturally acute eyesight. (SInv)
You cover ground quickly. (Speed+)
You are covered in fur. (AC +1)
Your paws help you pounce on unaware monsters.
You are incapable of wielding weapons or throwing items.
You cannot wear armour.
You gain extra lives every three experience levels.


Message History

You scratch the gnoll.
The gnoll is lightly wounded.
The gnoll hits you with a +0 flail!
Ouch! That really hurt!
* * * LOW HITPOINT WARNING * * *
You barely miss the gnoll.
The gnoll is lightly wounded.
The gnoll barely misses you.
Things that are here:
4 stones; a +0 dagger; a kobold skeleton
There is an open door, spattered with blood here.
Things that are here:
a +0 dagger; a quokka skeleton
There is an open door here.
You close the door.
A gnoll breaks down the door.
There is a staircase leading out of the dungeon here.
You open the door.
There is an open door here.
You start resting.
HP restored.
You barely miss the gnoll. You claw the gnoll, but do no damage.
The gnoll hits you with a +0 flail!
Ouch! That really hurt!
* * * LOW HITPOINT WARNING * * *
The gnoll attacks as it pursues you! The gnoll barely misses you.
You see here a bat skeleton.
You see here a bat skeleton.
You see here a bat skeleton.
You barely miss the gnoll. The gnoll hits you with a +0 flail.
You scratch the gnoll. You bite the gnoll!
The gnoll is almost dead.
The gnoll hits you with a +0 flail!
Ouch! That really hurt!
You die...
Your shape twists and changes as you die.
You rejoin the land of the living...
There is an open door here.
There is a staircase leading out of the dungeon here.
You have escaped!

#.......##.#.#.......#......#.#.#
#.......##.#.....#####......#.#.#
#######.##.#...#'# #........#..
#....#####.#####...[.######
#######..#.#..######## ###.
####### #.#.#.#.#.# #... ..#...#
#..#...#..# ######... ..#...#
######.....######........
..#...###.'.....h.....'.#.####...
..'÷..##..####.....####...#######
..#........#..#...#..####.#...#
..#........#.#.#.#.#.# #.#.#.###
..#........##..#.#..## #.#....>.
..#........#####.########†###.###
..###......# #+#........# #.# #
### ####..## #.#.######## #.###
##..# #...# #....


There were no monsters in sight!

Vanquished Creatures
  2 dart slugs (D:1)
  3 bats (D:1)
  2 goblins (D:1)
  4 jackals (D:1)
  2 quokkas (D:1)
  3 ball pythons (D:1)
  A frilled lizard (D:1)
  3 kobolds (D:1)
  A rat (D:1)
21 creatures vanquished.

Notes
Turn   | Place    | Note
-------+----------+-------------------------------------------
     0 | D:1      | avis the Felid Shapeshifter began the quest for the Orb.
     0 | D:1      | Reached XP level 1. HP: 9/9 MP: 2/2
   155 | D:1      | Reached XP level 2. HP: 11/13 MP: 3/3
   196 | D:1      | Found a faded altar of an unknown god.
   694 | D:1      | Slain by a gnoll
   707 | D:$      | Got out of the dungeon alive.

Illustrated notes

Levels and vault maps discovered:
D:1:      nzn_arrival_crosshair, layout_basic, basic_ecumenical_altar
D:2:      cheibrodos_pilgrimage, layout_rooms, basic_altar, minmay_pentomino_s4

Skill      XL: |  1  2 |
---------------+-------+-----
Fighting       | 2 |  2.5
Dodging        | 3 |  3.0
Unarmed Combat | |  3.0
Shapeshifting  | |  3.5

Action                     || total
---------------------------++-------
  Melee: Unarmed           ||    67
         Bite              ||     5
         Punch             ||     2
   Stab: Sleeping          ||     3
 Armour: Skin              ||    21
  Dodge: Dodged            ||    50

Table legend: (Time is in decaauts)
 A = Elapsed time spent in this place.
 B = Non-inter-level travel time spent in this place.
 C = Inter-level travel time spent in this place.
 D = Time resting spent in this place.
 E = Time spent auto-exploring this place.
 F = Levels seen in this place.
 G = Mean time per level.
                   A        B        C        D        E       F      G
               +--------+--------+--------+--------+--------+-----+--------+
         Total |    596 |    578 |     18 |     62 |    247 |   2 |  298.0 |
       Dungeon |    596 |    578 |     18 |     62 |    247 |   2 |  298.0 |
               +--------+--------+--------+--------+--------+-----+--------+

Top non-repeatable levels by time:
     D:1: 590 daAuts
     D:2: 6 daAuts
